 Dungeon Crawl Stone Soup version 0.29.0-4-gdea44cf6ec (webtiles) character file.

Game seed: 241142200479810957

2495 qw the Grappler (level 9, -1/84 HPs)
             Began as a Troll Cinder Acolyte on Aug 31, 2022.
             Was a Priest of Ignis.
             Succumbed to a hornet's poison
             ... on level 7 of the Dungeon.
             The game lasted 00:03:16 (5281 turns).

qw the Grappler (Troll Cinder Acolyte)              Turns: 5281, Time: 00:03:17

Health: -1/84      AC: 16    Str: 30      XL:     9   Next: 28%
Magic:  9/9        EV: 10    Int: 10      God:    Ignis [***...]
Gold:   348        SH:  0    Dex: 10 (11) Spells: 10/10 levels left

rFire   + . .      SeeInvis .     - Unarmed
rCold   + . .      Faith    .   (no shield)
rNeg    + . .      Spirit   .   k - +2 robe {rC+}
rPois   .          Reflect  .   (helmet restricted)
rElec   .          Harm     .   b - +2 cloak
rCorr   .          Rampage  .   (gloves unavailable)
Will    .....                   (boots unavailable)
Stlth   +.........              (no amulet)
HPRegen 1.04/turn               d - +6 ring of dexterity
MPRegen 0.11/turn               a - ring of Humnytu {rN+ Str+2}

@: lethally poisoned (-1 -> -12), about to teleport, fiery-armoured, slowed,
very slow
A: large, unfitting armour, claws 3, regeneration 1, shaggy fur 1, tough skin 1
a: Renounce Religion, Fiery Armour, Foxfire Swarm, Rising Flame


You were on level 7 of the Dungeon.
You worshipped Ignis.
Ignis was most pleased with you.
You visited 1 branch of the dungeon, and saw 7 of its levels.

You collected 348 gold pieces.


Innate Abilities, Weirdness & Mutations

You are too large for most types of armour.
You have claws for hands.
Your natural rate of healing is unusually fast.
You are covered in fur. (AC +1)
You have tough skin. (AC +1)


   Skills:
 - Level 4.0 Fighting
 - Level 1.9 Throwing
 - Level 2.3 Dodging
 + Level 11.6 Unarmed Combat
 - Level 1.0 Spellcasting
 - Level 2.1 Fire Magic


You had 10 spell levels left.
You didn't know any spells.
Your spell library contained the following spells:

 Spells                   Type           Power      Damage    Failure   Level
 Scorch                   Fire           8%         2d5       22%         2

Inventory:

Missiles
 o - 2 boomerangs (quivered)
Armour
 b - a +2 cloak (worn)
 k - a +2 robe of cold resistance (worn)
Jewellery
 a - the ring of Humnytu (right claw) {rN+ Str+2}
   (You acquired it on level 4 of the Dungeon)

   [ring of positive energy]

   Str:       It affects your strength (+2).
   rN:        It protects you from negative energy.
 d - a +6 ring of dexterity (left claw)
 r - a ring of ice
Scrolls
 g - a scroll of identify
Potions
 c - a potion of haste
 e - a potion of attraction {unknown}
 f - a potion of flight {unknown}
 h - a potion of mutation {unknown}
 i - 2 potions of curing
 j - a potion of resistance
 l - a potion of ambrosia {unknown}
 m - a potion of brilliance {unknown}
 n - a potion of might {unknown}
 q - a potion of degeneration {unknown}

Dungeon Overview and Level Annotations

Branches:
Dungeon (7/15)             Temple (0/1) D:5

Altars:
Elyvilon
Makhleb
Ru
Sif Muna
Vehumet
Xom
Zin
The Shining One


Message History

The hornet stings you!
You feel as though you will be slow longer.
You can move again.
5278 ||| INVOKING Fiery Armour.
A protective cloak of flame settles atop you.
You feel very sick.
The hornet stings you but does no damage.
The hornet is burned by your cloak of flames.
The hornet is heavily wounded.
The shadow imp hits you but does no damage.
The shadow imp is burned by your cloak of flames.
The shadow imp is lightly wounded.
The hornet stings you.
You feel as though you will be slow longer.
The hornet is burned by your cloak of flames.
The hornet is severely wounded.
The shadow imp barely misses you. The hornet stings you.
You are more poisoned.
You feel as though you will be slow longer.
5279 ||| READING scroll of teleportation.
As you read the scroll of teleportation, it crumbles to dust.
You feel strangely unstable.
You feel very sick. The hornet stings you!
You are lethally poisoned!
You feel as though you will be slow longer.
The shadow imp gestures at you.
You struggle to resist.
The hornet barely misses you.
You mangle the hornet!!
You kill the hornet!
You feel extremely sick.
The shadow imp hits you but does no damage.
The shadow imp is burned by your cloak of flames.
The shadow imp is heavily wounded.
The shadow imp gestures at you.
You struggle to resist.
You feel your dexterity returning.
You completely miss the shadow imp. You claw the shadow imp.
You kill the shadow imp!
You die...

#.##.....###.#
.###.$.....##
##.#
#......%.##.#
...
#####..####.#
.... #..# ##.
.### #..# #.
.. ###..# #.
5. #....## ..
.. #.@...# ..
#.%.......
#..\...###
#......#
#......#
###....# #####


There were no monsters in sight!

Vanquished Creatures
  Grinder (D:4)
  A hornet (D:7)
  Sigmund (D:4)
  Duvessa (D:5)
  A water moccasin (D:6)
  2 ice beasts
  2 black bears (D:6)
  An ogre (D:5)
  A centaur (D:5)
  A phantom (D:7)
  2 necrophages
  A bullfrog (D:6)
  4 scorpions
  Dowan (D:5)
  A quasit (D:7)
  4 jellies
  An orc priest (D:6)
  2 hounds (D:6)
  Jessica (D:2)
  5 iguanas
  Robin (D:2)
  10 adders
  3 shadow imps (D:7)
  6 white imps
  3 worms
  4 dart slugs
  9 orcs
  4 endoplasms
  2 giant cockroaches
  20 goblins
  11 hobgoblins
  2 jackals (D:1)
  4 kobolds
  7 quokkas
  6 ball pythons
  3 frilled lizards
  5 rats
134 creatures vanquished.

Notes
Turn   | Place    | Note
-------+----------+-------------------------------------------
     0 | D:1      | qw the Troll Cinder Acolyte began the quest for the Orb.
     0 | D:1      | Reached XP level 1. HP: 22/22 MP: 1/1
     0 | D:1      | 0 ||| qw: Version: 0.1-a-97-g2dd2ca4
     0 | D:1      | 0 ||| qw: Game counter: 4591
     0 | D:1      | 0 ||| qw: Always use a shield: true
     0 | D:1      | 0 ||| qw: God list: Okawaru
     0 | D:1      | 0 ||| qw: Allow faded altars: false
     0 | D:1      | 0 ||| qw: Do Orc after D:15 true
     0 | D:1      | 0 ||| qw: Do second Lair branch before Depths: true
     0 | D:1      | 0 ||| qw: Lair rune preference: random
     0 | D:1      | 0 ||| qw: Plans: Normal
     0 | D:1      | 0 ||| PLANNING D:1-11
    33 | D:1      | 33 ||| Stepping ~*~*~tactically~*~*~ (stealth).
   103 | D:1      | Reached XP level 2. HP: 29/29 MP: 2/2
   216 | D:1      | 216 ||| Stepping ~*~*~tactically~*~*~ (hiding).
   219 | D:1      | 219 ||| Stepping ~*~*~tactically~*~*~ (hiding).
   432 | D:1      | Found a faded altar of an unknown god.
   438 | D:1      | Reached skill level 4 in Unarmed Combat
   440 | D:1      | 440 ||| Stepping ~*~*~tactically~*~*~ (stealth).
   474 | D:1      | 474 ||| Stepping ~*~*~tactically~*~*~ (stealth).
   562 | D:1      | Reached XP level 3. HP: 36/36 MP: 3/3
   664 | D:1      | 664 ||| DROPPING ring of magical power.
   665 | D:1      | 665 ||| READING scroll labelled ZUIBUIG ELAFO.
   669 | D:1      | 669 ||| READING scroll labelled YKKAEDD AKLY.
   670 | D:1      | 670 ||| READING scroll labelled PAXZUI RIASUR.
   671 | D:1      | 671 ||| DRINKING 2 brown potions.
   672 | D:1      | 672 ||| DRINKING 2 green potions.
   755 | D:2      | Noticed Robin
   756 | D:2      | 756 ||| Stepping ~*~*~tactically~*~*~ (stealth).
   759 | D:2      | 759 ||| Stepping ~*~*~tactically~*~*~ (hiding).
   767 | D:2      | 767 ||| Stepping ~*~*~tactically~*~*~ (outnumbered).
   779 | D:2      | 779 ||| INVOKING Fiery Armour.
   781 | D:2      | Killed Robin
   782 | D:2      | 782 ||| FLEEEEING.
   783 | D:2      | 783 ||| FLEEEEING.
   784 | D:2      | 784 ||| FLEEEEING.
   785 | D:2      | 785 ||| FLEEEEING.
   786 | D:2      | 786 ||| FLEEEEING.
   787 | D:2      | 787 ||| FLEEEEING.
   788 | D:2      | 788 ||| FLEEEEING.
   789 | D:2      | 789 ||| FLEEEEING.
   790 | D:2      | 790 ||| FLEEEEING.
   791 | D:2      | 791 ||| FLEEEEING.
   792 | D:2      | 792 ||| FLEEEEING.
   793 | D:2      | 793 ||| FLEEEEING.
   794 | D:2      | 794 ||| FLEEEEING.
   795 | D:2      | 795 ||| FLEEEEING.
   818 | D:2      | 818 ||| Stepping ~*~*~tactically~*~*~ (stealth).
   833 | D:2      | 833 ||| Stepping ~*~*~tactically~*~*~ (stealth).
   834 | D:2      | 834 ||| Stepping ~*~*~tactically~*~*~ (stealth).
   937 | D:2      | Found a shimmering altar of Xom.
   978 | D:2      | Reached XP level 4. HP: 44/44 MP: 4/4
  1085 | D:2      | 1085 ||| Stepping ~*~*~tactically~*~*~ (stealth).
  1117 | D:2      | 1117 ||| INVOKING Fiery Armour.
  1120 | D:2      | Reached skill level 5 in Unarmed Combat
  1120 | D:2      | 1120 ||| FLEEEEING.
  1121 | D:2      | 1121 ||| FLEEEEING.
  1122 | D:2      | 1122 ||| FLEEEEING.
  1123 | D:2      | 1123 ||| FLEEEEING.
  1124 | D:2      | 1124 ||| FLEEEEING.
  1125 | D:2      | 1125 ||| FLEEEEING.
  1126 | D:2      | 1126 ||| FLEEEEING.
  1127 | D:2      | 1127 ||| FLEEEEING.
  1128 | D:2      | 1128 ||| FLEEEEING.
  1129 | D:2      | 1129 ||| FLEEEEING.
  1130 | D:2      | 1130 ||| FLEEEEING.
  1131 | D:2      | 1131 ||| FLEEEEING.
  1132 | D:2      | 1132 ||| FLEEEEING.
  1133 | D:2      | 1133 ||| FLEEEEING.
  1134 | D:2      | 1134 ||| FLEEEEING.
  1135 | D:2      | 1135 ||| FLEEEEING.
  1136 | D:2      | 1136 ||| FLEEEEING.
  1137 | D:2      | 1137 ||| FLEEEEING.
  1138 | D:2      | 1138 ||| FLEEEEING.
  1139 | D:2      | 1139 ||| FLEEEEING.
  1140 | D:2      | 1140 ||| FLEEEEING.
  1141 | D:2      | 1141 ||| FLEEEEING.
  1142 | D:2      | 1142 ||| FLEEEEING.
  1143 | D:2      | 1143 ||| FLEEEEING.
  1144 | D:2      | 1144 ||| FLEEEEING.
  1145 | D:2      | 1145 ||| FLEEEEING.
  1146 | D:2      | 1146 ||| FLEEEEING.
  1147 | D:2      | 1147 ||| FLEEEEING.
  1232 | D:2      | Noticed Jessica
  1233 | D:2      | 1233 ||| Stepping ~*~*~tactically~*~*~ (hiding).
  1241 | D:2      | Killed Jessica
  1473 | D:2      | 1473 ||| Stepping ~*~*~tactically~*~*~ (stealth).
  1612 | D:2      | 1612 ||| UPGRADING to +1 cloak.
  1617 | D:2      | 1617 ||| UPGRADING to +6 ring of dexterity.
  1618 | D:2      | 1618 ||| READING scroll labelled MOTEJO ROXISYC.
  1619 | D:2      | 1619 ||| Stepping randomly (stuck).
  1620 | D:2      | 1620 ||| Stepping ~*~*~tactically~*~*~ (cloud).
  1738 | D:3      | Found a glowing silver altar of Zin.
  1738 | D:3      | Found a white marble altar of Elyvilon.
  1739 | D:3      | Found a glowing golden altar of the Shining One.
  1909 | D:3      | 1909 ||| Stepping ~*~*~tactically~*~*~ (stealth).
  1918 | D:3      | 1918 ||| Stepping ~*~*~tactically~*~*~ (hiding).
  1919 | D:3      | 1919 ||| Stepping ~*~*~tactically~*~*~ (stealth).
  1920 | D:3      | 1920 ||| Stepping ~*~*~tactically~*~*~ (stealth).
  1925 | D:3      | Reached XP level 5. HP: 50/50 MP: 5/5
  1927 | D:3      | 1927 ||| Stepping ~*~*~tactically~*~*~ (stealth).
  1928 | D:3      | 1928 ||| Stepping ~*~*~tactically~*~*~ (stealth).
  1932 | D:3      | 1932 ||| Stepping ~*~*~tactically~*~*~ (stealth).
  1933 | D:3      | 1933 ||| Stepping ~*~*~tactically~*~*~ (stealth).
  1934 | D:3      | 1934 ||| Stepping ~*~*~tactically~*~*~ (stealth).
  1935 | D:3      | 1935 ||| Stepping ~*~*~tactically~*~*~ (stealth).
  1937 | D:3      | 1937 ||| Stepping ~*~*~tactically~*~*~ (stealth).
  1938 | D:3      | 1938 ||| Stepping ~*~*~tactically~*~*~ (stealth).
  1939 | D:3      | 1939 ||| Stepping ~*~*~tactically~*~*~ (stealth).
  1940 | D:3      | 1940 ||| Stepping ~*~*~tactically~*~*~ (stealth).
  1941 | D:3      | 1941 ||| Stepping ~*~*~tactically~*~*~ (stealth).
  1942 | D:3      | 1942 ||| Stepping ~*~*~tactically~*~*~ (stealth).
  1943 | D:3      | 1943 ||| Stepping ~*~*~tactically~*~*~ (stealth).
  1944 | D:3      | 1944 ||| Stepping ~*~*~tactically~*~*~ (stealth).
  1950 | D:3      | 1950 ||| Stepping ~*~*~tactically~*~*~ (stealth).
  1952 | D:3      | 1952 ||| Stepping ~*~*~tactically~*~*~ (stealth).
  2019 | D:3      | Reached skill level 1 in Dodging
  2215 | D:3      | 2215 ||| Stepping ~*~*~tactically~*~*~ (stealth).
  2287 | D:3      | 2287 ||| READING 2 scrolls labelled EQEUHYSIDD.
  2288 | D:3      | 2288 ||| READING scroll of enchant armour.
  2288 | D:3      | 2288 ||| ENCHANTING +1 cloak.
  2289 | D:3      | 2289 ||| DRINKING 2 murky blue potions.
  2307 | D:3      | 2307 ||| DRINKING 2 coppery potions.
  2308 | D:3      | 2308 ||| DROPPING potion of lignification.
  2337 | D:4      | Noticed Sigmund
  2338 | D:4      | 2338 ||| Stepping ~*~*~tactically~*~*~ (hiding).
  2339 | D:4      | 2339 ||| Stepping ~*~*~tactically~*~*~ (hiding).
  2339 | D:4      | Noticed Grinder
  2340 | D:4      | 2340 ||| Stepping ~*~*~tactically~*~*~ (stealth).
  2341 | D:4      | 2341 ||| INVOKING Fiery Armour.
  2346 | D:4      | Killed Sigmund
  2346 | D:4      | Paralysed by Grinder for 4 turns
  2347 | D:4      | Reached skill level 6 in Unarmed Combat
  2347 | D:4      | Reached XP level 6. HP: 59/59 MP: 6/6
  2356 | D:4      | Killed Grinder
  2357 | D:4      | Reached skill level 7 in Unarmed Combat
  2364 | D:4      | 2364 ||| Stepping ~*~*~tactically~*~*~ (stealth).
  2402 | D:4      | Found a sacrificial altar of Ru.
  2448 | D:4      | Reached XP level 7. HP: 58/66 MP: 7/7
  2463 | D:4      | Reached skill level 8 in Unarmed Combat
  2486 | D:4      | 2486 ||| Stepping ~*~*~tactically~*~*~ (stealth).
  2628 | D:4      | 2628 ||| Stepping ~*~*~tactically~*~*~ (stealth).
  2630 | D:4      | 2630 ||| Stepping ~*~*~tactically~*~*~ (stealth).
  2643 | D:4      | Reached skill level 3 in Fighting
  2644 | D:4      | 2644 ||| Stepping ~*~*~tactically~*~*~ (stealth).
  2646 | D:4      | 2646 ||| Stepping ~*~*~tactically~*~*~ (stealth).
  2648 | D:4      | 2648 ||| Stepping ~*~*~tactically~*~*~ (stealth).
  2651 | D:4      | 2651 ||| Stepping ~*~*~tactically~*~*~ (stealth).
  2652 | D:4      | 2652 ||| Stepping ~*~*~tactically~*~*~ (stealth).
  2653 | D:4      | 2653 ||| Stepping ~*~*~tactically~*~*~ (stealth).
  2654 | D:4      | 2654 ||| Stepping ~*~*~tactically~*~*~ (stealth).
  2934 | D:4      | Found a shimmering blue altar of Sif Muna.
  3040 | D:4      | 3040 ||| UPGRADING to +1 robe of positive energy.
  3050 | D:4      | 3050 ||| DROPPING +0 robe.
  3051 | D:4      | 3051 ||| READING scroll labelled ROIWIE DOEDUO.
  3052 | D:4      | 3052 ||| READING scroll labelled AHYEMU OZUITAGOWUNK.
  3052 | D:4      | Identified a scroll of acquirement
  3052 | D:4      | 3052 ||| ACQUIRING ring of Humnytu {rN+ Str+2}
  3052 | D:4      | Acquired the ring of Humnytu {rN+ Str+2}
  3054 | D:4      | 3054 ||| UPGRADING to ring of Humnytu {rN+ Str+2}.
  3084 | D:5      | Entered Level 5 of the Dungeon
  3084 | D:5      | Noticed Duvessa
  3084 | D:5      | Noticed Dowan
  3085 | D:5      | 3085 ||| STAIRDANCE
  3091 | D:5      | 3091 ||| STAIRDANCE
  3101 | D:5      | 3101 ||| STAIRDANCE
  3114 | D:5      | 3114 ||| STAIRDANCE
  3118 | D:5      | 3118 ||| STAIRDANCE
  3122 | D:5      | 3122 ||| STAIRDANCE
  3130 | D:5      | 3130 ||| STAIRDANCE
  3134 | D:5      | 3134 ||| STAIRDANCE
  3146 | D:5      | 3146 ||| STAIRDANCE
  3150 | D:5      | 3150 ||| STAIRDANCE
  3165 | D:5      | 3165 ||| STAIRDANCE
  3174 | D:5      | 3174 ||| STAIRDANCE
  3180 | D:5      | 3180 ||| STAIRDANCE
  3186 | D:5      | 3186 ||| STAIRDANCE
  3197 | D:5      | 3197 ||| STAIRDANCE
  3204 | D:5      | 3204 ||| STAIRDANCE
  3217 | D:5      | 3217 ||| INVOKING Fiery Armour.
  3222 | D:5      | Killed Dowan
  3228 | D:5      | HP: 9/67 [Duvessa/+0 rapier (9)]
  3229 | D:5      | Killed Duvessa
  3230 | D:5      | 3230 ||| STAIRDANCE
  3331 | D:5      | Reached skill level 9 in Unarmed Combat
  3360 | D:5      | Found a staircase to the Ecumenical Temple.
  3381 | D:5      | 3381 ||| Stepping ~*~*~tactically~*~*~ (hiding).
  3492 | D:5      | Reached skill level 1 in Throwing
  3594 | D:5      | Reached XP level 8. HP: 72/75 MP: 8/8
  3745 | D:5      | 3745 ||| Stepping ~*~*~tactically~*~*~ (stealth).
  3747 | D:5      | 3747 ||| Stepping ~*~*~tactically~*~*~ (hiding).
  4145 | D:5      | Reached skill level 10 in Unarmed Combat
  4475 | D:5      | Found a radiant altar of Vehumet.
  4574 | D:5      | 4574 ||| UPGRADING to +2 robe of cold resistance.
  4584 | D:5      | 4584 ||| DROPPING +1 robe of positive energy.
  4585 | D:5      | 4585 ||| READING scroll labelled OTAYDO IM PIAPPA.
  4586 | D:5      | 4586 ||| READING scroll labelled CAMMESSION.
  4587 | D:5      | 4587 ||| READING scroll labelled XAFILO ZALAIL.
  4604 | D:6      | 4604 ||| Stepping ~*~*~tactically~*~*~ (stealth).
  4677 | D:6      | 4677 ||| Stepping ~*~*~tactically~*~*~ (hiding).
  4680 | D:6      | 4680 ||| Stepping ~*~*~tactically~*~*~ (hiding).
  4683 | D:6      | 4683 ||| Stepping ~*~*~tactically~*~*~ (hiding).
  4686 | D:6      | 4686 ||| Stepping ~*~*~tactically~*~*~ (stealth).
  4691 | D:6      | 4691 ||| Stepping ~*~*~tactically~*~*~ (stealth).
  4693 | D:6      | 4693 ||| Stepping ~*~*~tactically~*~*~ (stealth).
  4694 | D:6      | 4694 ||| Stepping ~*~*~tactically~*~*~ (stealth).
  4695 | D:6      | 4695 ||| Stepping ~*~*~tactically~*~*~ (stealth).
  4699 | D:6      | 4699 ||| Stepping ~*~*~tactically~*~*~ (stealth).
  4700 | D:6      | 4700 ||| Stepping ~*~*~tactically~*~*~ (stealth).
  4701 | D:6      | 4701 ||| Stepping ~*~*~tactically~*~*~ (stealth).
  4704 | D:6      | 4704 ||| Stepping ~*~*~tactically~*~*~ (stealth).
  4706 | D:6      | 4706 ||| Stepping ~*~*~tactically~*~*~ (stealth).
  4707 | D:6      | 4707 ||| Stepping ~*~*~tactically~*~*~ (stealth).
  4708 | D:6      | 4708 ||| Stepping ~*~*~tactically~*~*~ (stealth).
  4728 | D:6      | 4728 ||| Stepping ~*~*~tactically~*~*~ (stealth).
  4759 | D:6      | 4759 ||| INVOKING Fiery Armour.
  4869 | D:6      | Reached XP level 9. HP: 84/84 MP: 9/9
  5033 | D:6      | Found a burning altar of Makhleb.
  5127 | D:7      | Reached skill level 11 in Unarmed Combat
  5130 | D:7      | 5130 ||| Stepping ~*~*~tactically~*~*~ (stealth).
  5132 | D:7      | 5132 ||| Stepping ~*~*~tactically~*~*~ (hiding).
  5135 | D:7      | 5135 ||| Stepping ~*~*~tactically~*~*~ (hiding).
  5136 | D:7      | 5136 ||| Stepping ~*~*~tactically~*~*~ (hiding).
  5246 | D:7      | 5246 ||| Stepping ~*~*~tactically~*~*~ (stealth).
  5248 | D:7      | 5248 ||| Stepping ~*~*~tactically~*~*~ (hiding).
  5266 | D:7      | 5266 ||| Stepping ~*~*~tactically~*~*~ (stealth).
  5275 | D:7      | Paralysed by a hornet for 3 turns
  5278 | D:7      | 5278 ||| INVOKING Fiery Armour.
  5278 | D:7      | HP: 21/84 [hornet (3)]
  5279 | D:7      | 5279 ||| READING scroll of teleportation.
  5279 | D:7      | HP: 8/84 [hornet (7)]
  5280 | D:7      | HP: 3/84 [poisoned by a hornet]
  5281 | D:7      | Succumbed to a hornet's poison

Levels and vault maps discovered:
D:1:      ncdulo_smallfort, layout_basic, hellmonk_ecumenical_altar_crossroads
D:2:      layout_basic, basic_altar, uniq_jessica, uniq_robin
D:3:      layout_basic, good_gods_temple_1, st_stairs_11,
          minmay_misc_feat_plants
D:4:      layout_cave_pools, led_sif_pool, lemuel_round_altar,
          serial_co_window_serial, co_window_corner_a, co_window_paths_b,
          co_window_paths_a, co_window_of_opportunity_a, co_window_paths_a,
          co_window_unsneaky_path_a, co_window_2corner, co_window_corner_b,
          uniq_sigmund, uniq_grinder
D:5:      layout_layer_cave, mainiacjoe_overflow_alcove_1,
          minmay_temple_entry_mini_moons, grunt_decor_mini_mirrors,
          nicolae_hexahallways, uniq_duvessa
D:6:      layout_cave_pools, mainiacjoe_overflow_chevrons
D:7:      layout_loops_ring, nicolae_yredelemnul_ghost_church,
          lemuel_doored_altar, slow_altar_1, serial_demonic, serial_demonic_g,
          serial_demonic_a, serial_demonic_a, serial_demonic_f,
          serial_demonic_d, serial_demonic_a, serial_demonic_d,
          serial_demonic_c, serial_demonic_a, serial_demonic_d

Skill      XL: |  1  2  3  4  5  6  7  8  9 |
---------------+----------------------------+-----
Unarmed Combat | 4 5 6 7 9 10 11 | 11.6
Dodging        | 1 2 |  2.3
Fighting       | 3 4 |  4.0
Throwing       | 1 |  1.9
Spellcasting   | |  1.0
Fire Magic     | |  2.1

Action                   |  1- 3 |  4- 6 |  7- 9 || total
-------------------------+-------+-------+-------++-------
Melee: Unarmed           |    79 |    91 |   138 ||   308
       Punch             |     1 |       |    12 ||    13
Throw: Boomerang         |       |       |    52 ||    52
Invok: Fiery Armour      |     1 |     2 |     3 ||     6
  Use: Scroll            |     3 |     3 |     6 ||    12
       Potion            |     2 |     2 |       ||     4
Armor: Robe              |    15 |    18 |    61 ||    94
Dodge: Dodged            |    21 |    26 |    58 ||   105

Table legend:
 A = Non-vault XP
 B = Vault XP
 C = Vault XP percentage of total XP
 D = Non-vault monster count
 E = Vault monster count
 F = Vault count percentage of total count
                 A         B        C        D         E       F
            +---------+---------+-------+---------+---------+-------
      Total |    2655 |     921 |  25.8 |     107 |      27 |  20.1
            +---------+---------+-------+---------+---------+-------
        D:1 |      42 |       0 |   0.0 |      21 |       0 |   0.0
        D:2 |      57 |      74 |  56.5 |      16 |      13 |  44.8
        D:3 |      41 |      18 |  30.5 |      15 |       3 |  16.7
        D:4 |     182 |     491 |  73.0 |      21 |       2 |   8.7
        D:5 |     793 |     225 |  22.1 |      12 |       2 |  14.3
        D:6 |     993 |       0 |   0.0 |      18 |       0 |   0.0
        D:7 |     547 |     113 |  17.1 |       4 |       7 |  63.6
            +---------+---------+-------+---------+---------+-------
